 Dungeon Crawl Stone Soup version 0.27-a0-1513-g2aaa0cc67b (webtiles) character file.

Game seed: 4042359036623802189

515 lunkers the Insei (level 7, -2/49 HPs)
             Began as a Djinni Warper on July 9, 2021.
             Slain by a killer bee zombie (3 damage)
             ... on level 7 of the Dungeon on July 10, 2021.
             The game lasted 00:08:42 (4952 turns).

lunkers the Insei (Djinni Warper)                   Turns: 4952, Time: 00:08:43

Health: -2/49      AC:  8    Str: 12    XL:     7   Next: 44%
Gold:   122        EV:  9    Int: 14    God:
                   SH:  0    Dex: 13

rFire    + + .     SeeInvis .   h - +0 short sword (elec)
rCold    x . .     Faith    .   (no shield)
rNeg     . . .     Spirit   .   p - +0 scale mail
rPois    ∞         Reflect  .   (no helmet)
rElec    .         Harm     .   n - +1 cloak
rCorr    .         Rampage  .   (no gloves)
Will     +....                  (boots unavailable)
Stlth    ..........             (no amulet)
HPRegen  0.16/turn              o - ring of wizardry
MPRegen  0.00/turn              d - ring of willpower

@: flying
A: sickness immunity, fire resistance 2, cold vulnerability 1, float, innate
caster, hp casting, extra vitality 1
a: no special abilities


You were on level 7 of the Dungeon.
You visited 1 branch of the dungeon, and saw 5 of its levels.

You collected 122 gold pieces.

Inventory:

Hand Weapons
 h - a +0 short sword of electrocution (weapon)
 j - a +0 arbalest
Missiles
 c - 4 boomerangs of dispersal
 s - a throwing net
 v - 5 boomerangs
Armour
 a - a +0 leather armour
 n - a +1 cloak (worn)
 p - a +0 scale mail (worn)
Jewellery
 d - a ring of willpower (right hand)
 o - a ring of wizardry (left hand)
Wands
 e - a wand of mindburst (8)
Scrolls
 b - a scroll of blinking
Potions
 g - a potion of degeneration {unknown}
 i - 3 potions of heal wounds
 l - 2 potions of haste {unknown}
 m - a potion of ambrosia {unknown}
 u - 3 potions of curing {unknown}


   Skills:
 - Level 2.0 Fighting
 - Level 0.7 Throwing
 - Level 1.0 Armour
 - Level 2.1 Dodging
 * Level 7.6 Unarmed Combat
 - Level 2.4 Spellcasting


You couldn't memorise any spells.
You knew the following spells:

 Your Spells              Type           Power      Damage    Failure   Level
b - Lesser Beckoning      Tloc           4%         N/A       45%         3
c - Gell's Gravitas       Tloc           4%         N/A       45%         3
d - Teleport Other        Tloc           8%         N/A       45%         3
e - Manifold Assault      Tloc           8%         N/A       99%         5
f - Corpse Rot            Necr/Air       N/A        N/A       26%         2
g - Stone Arrow           Conj/Erth      16%        3d8       45%         3
p - Blink                 Tloc           N/A        N/A       26%         2
q - Animate Skeleton      Necr           16%        N/A       17%         1
Your spell library was empty.

Dungeon Overview and Level Annotations

Branches:
Dungeon (4/15)
 Temple: D:4-7

Altars:
Okawaru
Trog
The Shining One

Annotations:
D:3 2 runed translucent doors, Crazy Yiuf; Exaltedone87's ghost, amateur DsCK
D:4 Blork the orc


Innate Abilities, Weirdness & Mutations

You are immune to sickness and miasma.
You are immune to poison.
Your flesh is very heat resistant. (rF++)
You are vulnerable to cold. (rC-)
You float through the air rather than walking.
You learn spells naturally, not from books.
Your magical power is your life essence.
You have superior vitality. (+4 HP)


Message History

The killer bee zombie closely misses you.
You closely miss the killer bee zombie.
The killer bee zombie is almost destroyed.
The killer bee zombie barely misses you.
You hit the orc but do no damage.
The killer bee zombie barely misses you.
You closely miss the orc.
The killer bee zombie hits you but does no damage.
The orc hits you with a +0 dagger.
* * * LOW HITPOINT WARNING * * *
The killer bee zombie hits you but does no damage.
You closely miss the killer bee zombie.
The killer bee zombie is almost destroyed.
The killer bee zombie hits you.
* * * LOW HITPOINT WARNING * * *
The orc hits you but does no damage.
You hit the orc. Lightning courses through the orc!
You kill the orc!
The orc hits you but does no damage. The killer bee zombie hits you.
* * * LOW HITPOINT WARNING * * *
Aiming: Mindburst
Press: ? - help, Shift-Dir - straight line, f - killer bee zombie
Aim: a killer bee zombie (almost destroyed, not susceptible)
The killer bee zombie is unaffected.
The killer bee zombie hits you but does no damage.
The orc hits you but does no damage.
The killer bee zombie hits you but does no damage.
Aiming: Mindburst
Press: ? - help, Shift-Dir - straight line, f/p - killer bee zombie
Aim: a killer bee zombie (almost destroyed, not susceptible)
The killer bee zombie is unaffected.
The killer bee zombie hits you.
* * * LOW HITPOINT WARNING * * *
The orc barely misses you.
Aiming: Mindburst
Press: ? - help, Shift-Dir - straight line, f/p - killer bee zombie
Aim: a killer bee zombie (almost destroyed, not susceptible)
The killer bee zombie is unaffected.
The killer bee zombie hits you but does no damage.
The killer bee zombie hits you.
You die...

######## #......##
#.......# #......####.
##...#[.##...
#...Z#..........
##..@o....#......
#..#.#....##...$.
##..###..###......
...##..###...###...o.
.........#.........o..
.##..............##.$
#####...........#.
#..........)....#
#..........>....#....


You could see an orc and a killer bee zombie.

Vanquished Creatures
  A water moccasin skeleton (D:4)
  A centaur zombie (D:3)
  A hound (D:7)
  4 orc priests (D:3)
  A centaur skeleton (D:7)
  Jessica (D:3)
  Terence (D:2)
  4 orc wizards
  4 adders
  2 dart slugs
  9 orcs
  7 ball pythons
  5 bats
  3 endoplasms
  A giant cockroach (D:2)
  3 goblins
  5 hobgoblins
  3 jackals (D:1)
  4 kobolds
  2 quokkas
  3 frilled lizards (D:1)
  4 rats
69 creatures vanquished.

Notes
Turn   | Place    | Note
-------+----------+-------------------------------------------
     0 | D:1      | lunkers the Djinni Warper began the quest for the Orb.
     0 | D:1      | Reached XP level 1. HP: 18/18 MP: 0/0
   229 | D:1      | Reached XP level 2. HP: 23/23 MP: 0/0
   539 | D:1      | Reached skill level 3 in Unarmed Combat
  1185 | D:1      | Reached XP level 3. HP: 28/28 MP: 0/0
  1185 | D:1      | Learned a level 1 spell: Animate Skeleton
  1647 | D:2      | Reached skill level 4 in Unarmed Combat
  1647 | D:2      | Reached XP level 4. HP: 25/33 MP: 0/0
  1744 | D:2      | Found a faded altar of an unknown god.
  1954 | D:2      | Found an iron altar of Okawaru.
  2376 | D:3      | Found a runed translucent door.
  2377 | D:3      | Noticed Crazy Yiuf
  2410 | D:3      | Noticed Terence
  2460 | D:2      | Killed Terence
  2786 | D:3      | Reached XP level 5. HP: 38/38 MP: 0/0
  2786 | D:3      | Learned a level 2 spell: Corpse Rot
  2803 | D:3      | Found a bloodstained altar of Trog.
  2837 | D:3      | Reached skill level 5 in Unarmed Combat
  3002 | D:3      | Noticed Jessica
  3009 | D:3      | Killed Jessica
  3077 | D:3      | Reached XP level 6. HP: 31/43 MP: 0/0
  3161 | D:3      | Reached skill level 6 in Unarmed Combat
  4171 | D:3      | Found a runed translucent door.
  4172 | D:3      | Noticed Exaltedone87's ghost (amateur DsCK)
  4394 | D:4      | Noticed a +0 dagger
  4398 | D:4      | Noticed a +0 dagger
  4403 | D:4      | Reached skill level 7 in Unarmed Combat
  4403 | D:4      | Reached XP level 7. HP: 36/49 MP: 0/0
  4403 | D:4      | Learned a level 3 spell: Stone Arrow
  4700 | D:4      | Found a glowing golden altar of the Shining One.
  4733 | D:4      | Noticed Blork the orc
  4823 | D:4      | You are sucked into a shaft and drop 3 floors!
  4951 | D:7      | HP: 1/49 [killer bee zombie (5)]
  4952 | D:7      | Slain by a killer bee zombie

Illustrated notes

Levels and vault maps discovered:
D:1:      lightli_arrival_statue_moat, layout_basic, hangedman_feature_mirror
D:2:      layout_loops_cross, basic_altar, shapermc_ecumenical_altar_gd,
          minmay_misc_feat_tiny
D:3:      layout_basic, bloody_trog, gammafunk_ghost_grave,
          grunt_decor_mini_mirrors, grunt_decor_one_mirror, uniq_terence,
          uniq_jessica, uniq_crazy_yiuf_cottage
D:4:      layout_rooms, dancing_weapons_uskayaw, mainiacjoe_overflow_24_doors,
          kiku_gazebo_garden_becter, kennysheep_small_spiral, uniq_blork_the_orc
D:7:      layout_cave_pools, temple_pool_b,
          minmay_guarded_unrand_staff_of_olgreb

Skill      XL: |  1  2  3  4  5  6 |
---------------+-------------------+-----
Unarmed Combat | 3 4 5 7 |  7.6
Fighting       | |  2.0
Throwing       | |  0.7
Armour         | |  1.0
Dodging        | |  2.1
Spellcasting   | |  2.4

Action                   |  1- 3 |  4- 6 |  7- 9 || total
-------------------------+-------+-------+-------++-------
Melee: Unarmed           |    55 |       |       ||    55
       Short sword       |    37 |   128 |    53 ||   218
       Punch             |     1 |     3 |     1 ||     5
Throw: Throwing net      |       |     1 |       ||     1
       Boomerang         |       |     1 |       ||     1
Evoke: Wand              |       |       |     4 ||     4
  Use: Scroll            |       |       |     6 ||     6
 Stab: Sleeping          |     1 |     1 |       ||     2
Armor: Leather armour    |    24 |    33 |       ||    57
       Scale mail        |       |     5 |    54 ||    59
Dodge: Dodged            |    74 |    86 |    35 ||   195

Table legend: (Time is in decaauts)
 A = Elapsed time spent in this place.
 B = Non-inter-level travel time spent in this place.
 C = Inter-level travel time spent in this place.
 D = Time resting spent in this place.
 E = Time spent auto-exploring this place.
 F = Levels seen in this place.
 G = Mean time per level.
                   A        B        C        D        E       F      G
               +--------+--------+--------+--------+--------+-----+--------+
         Total |   4974 |   4871 |    103 |    859 |   3324 |   5 |  994.8 |
       Dungeon |   4974 |   4871 |    103 |    859 |   3324 |   5 |  994.8 |
               +--------+--------+--------+--------+--------+-----+--------+

Top non-repeatable levels by time:
     D:3: 1794 daAuts
     D:2: 1635 daAuts
     D:1: 1286 daAuts
     D:7: 130 daAuts
     D:4: 127 daAuts
